Map: 2000 Atmospheres LE

Players

SpeCial - Winner!

  • Race: Terran Terran

MarineLorD

  • Race: Terran Terran

Event: DreamHack SC2 Masters 2021 Winter

VOD

Have the link to the VOD?

Description

Time

  • Played on: Nov. 11, 2021, 11:18 a.m.
  • Length: 11:55

All games in this series

Show
View Real Time Build Order
Export as new Build Order

SpeCial Terran - Winner!

Build Orders: 2 Factory, Cyclone Opening, Mech 

Get SALT Encoding   

  12  0:00  SCV  
  13  0:12  SCV  
  14  0:17  Supply Depot  
  14  0:24  SCV  
  15  0:39  SCV  
  16  0:42  Barracks  
  16  0:45  Refinery  
  16  0:51  SCV  
  16  0:55  Refinery  
  17  1:03  SCV  
  18  1:15  SCV  
  19  1:29  Reaper, Orbital Command  
  20  1:39  Supply Depot  
  20  1:44  Factory  
  20  1:55  SCV  
  21  2:01  Reaper  
  21  2:07  SCV  
  23  2:19  SCV  
  24  2:25  Command Center  
  24  2:27  Factory Tech Lab  
  24  2:31  SCV  
  24  2:34  Supply Depot  
  25  2:43  SCV  
  25  2:46  Cyclone  
  28  2:55  SCV  
  29  2:59  Factory  
  28  3:07  SCV  
  27  3:20  SCV, Cyclone  
  30  3:32  SCV  
  31  3:40  Marine  
  32  3:44  SCV  
  32  3:47  Factory Tech Lab  
  32  3:52  Cyclone  
  35  3:56  SCV  
  36  4:07  Orbital Command  
  36  4:08  SCV  
  40  4:10  Refinery, Cyclone  
  40  4:20  SCV  
  40  4:22  Mag-Field Accelerator  
  38  4:32  SCV  
  38  4:33  SCV  
  39  4:43  Starport  
  39  4:44  SCV  
  39  4:45  SCV  
  41  4:49  Command Center  
  41  4:56  SCV  
  41  4:57  SCV  
  41  4:58  Barracks  
  43  5:03  Cyclone  
  43  5:06  Cyclone  
  49  5:08  SCV  
  49  5:09  SCV  
  51  5:14  Supply Depot  
  51  5:21  SCV  
  52  5:22  Refinery  
  52  5:25  SCV  
  53  5:33  SCV  
  53  5:34  Supply Depot  
  54  5:35  Liberator  
  54  5:37  SCV  
  54  5:40  Supply Depot  
  54  5:41  Siege Tank  
  61  5:48  SCV  
  62  5:56  SCV, Siege Tank, Engineering Bay  
  66  5:58  Barracks Reactor  
  66  6:00  SCV  
  66  6:03  Orbital Command  
  67  6:08  SCV  
  68  6:12  SCV  
  68  6:18  Armory  
  69  6:20  SCV  
  70  6:27  Factory, SCV  
  70  6:32  Missile Turret, SCV  
  72  6:33  Siege Tank  
  72  6:39  Siege Tank  
  78  6:44  SCV x2  
  80  6:52  SCV  
  81  6:55  Barracks Reactor  
  81  6:56  SCV x2  
  81  6:57  Supply Depot  
  83  7:03  Supply Depot, Viking x2  
  83  7:04  SCV  
  83  7:08  SCV x2  
  90  7:09  Refinery  
  90  7:11  Refinery  
  90  7:16  SCV  
  90  7:19  Sensor Tower  
  90  7:20  SCV  
  92  7:27  Siege Tank  
  98  7:30  Siege Tank  
  98  7:31  SCV x2  
  98  7:32  SCV  
  98  7:33  Supply Depot  
  101  7:41  Missile Turret  
  101  7:43  SCV x2  
  103  7:45  Viking  
  103  7:46  Viking  
  103  7:47  SCV  
  103  7:48  Supply Depot  
  103  7:50  Supply Depot  
  108  7:55  SCV x2  
  109  7:59  SCV  
  109  8:00  Hellion x2  
  109  8:03  Supply Depot  
  109  8:05  Supply Depot  
  111  8:07  SCV x2  
  111  8:11  SCV, Siege Tank x2  
  111  8:12  Missile Turret  
  117  8:18  Viking x2  
  121  8:23  SCV x2  
  121  8:26  Hellion x2  
  127  8:35  Supply Depot, Factory  
  127  8:36  Factory  
  127  8:37  SCV, Armory  
  128  8:43  Supply Depot  
  128  8:47  Terran Vehicle Weapons Level 1  
  128  8:48  Hellion x2  
  132  8:54  Siege Tank x2  
  138  8:58  Medivac x2  
  138  9:00  Supply Depot  
  142  9:08  Infernal Pre-Igniter  
  142  9:09  Hellion x2  
  146  9:13  Missile Turret  
  146  9:21  SCV x2  
  148  9:25  Factory Reactor, Command Center  
  148  9:26  Factory Tech Lab  
  148  9:30  Supply Depot, Hellion  
  148  9:31  Hellion  
  152  9:32  Medivac x2  
  156  9:38  Supply Depot, Siege Tank  
  156  9:45  Supply Depot  
  159  9:52  Hellion x2, Siege Tank  
  166  9:53  Siege Tank  
  169  10:02  Viking x2  
  169  10:06  Hellion x2, Supply Depot  
  177  10:13  Hellion x2  
  181  10:16  Siege Tank  
  181  10:18  Supply Depot  
  184  10:24  Siege Tank  
  184  10:27  Siege Tank  
  190  10:35  Hellion x2  
  193  10:39  Hellion x2  
  194  10:48  Siege Tank  
  197  10:56  Hellion x2  
  197  10:57  SCV x3, Siege Tank  
  194  10:59  Siege Tank  
  194  11:01  Hellion  
  197  11:07  Viking  
  199  11:14  Missile Turret x2  
  199  11:18  Command Center  
  199  11:24  Hellion x2  
  198  11:32  Hellion  
Show
View Real Time Build Order
Export as new Build Order

MarineLorD Terran 

Build Orders:  

Get SALT Encoding   

  12  0:00  SCV  
  13  0:12  SCV  
  14  0:17  Supply Depot  
  14  0:24  SCV  
  15  0:38  SCV  
  15  0:39  Barracks  
  16  0:44  Refinery  
  16  0:50  SCV  
  17  0:59  Barracks  
  17  1:03  SCV  
  18  1:15  SCV  
  19  1:27  Reaper, Orbital Command  
  19  1:30  Supply Depot  
  20  1:35  Refinery  
  20  1:47  Reaper  
  21  1:53  SCV  
  22  2:02  Reaper  
  22  2:06  SCV  
  24  2:18  SCV  
  24  2:19  Reaper  
  26  2:30  SCV  
  26  2:34  Reaper  
  28  2:42  SCV, Command Center  
  29  2:47  Factory  
  30  2:56  Barracks Reactor  
  30  2:57  SCV  
  30  3:00  Supply Depot  
  29  3:09  SCV  
  29  3:21  SCV  
  29  3:26  Barracks Tech Lab  
  29  3:30  Factory Tech Lab  
  29  3:32  Marine  
  29  3:33  Starport, SCV, Refinery, Marine  
  32  3:45  SCV  
  32  3:47  Marine  
  34  3:49  Siege Tank  
  34  3:52  Marine x2  
  34  3:53  Orbital Command  
  39  3:58  SCV  
  37  4:04  Marine  
  36  4:10  SCV, Marine x2  
  36  4:11  Medivac  
  41  4:21  SCV  
  41  4:22  Marine  
  43  4:28  Marine x2  
  43  4:30  SCV  
  45  4:34  SCV  
  45  4:40  Marine  
  45  4:43  SCV  
  47  4:46  SCV, Marine  
  47  4:48  Stimpack  
  49  4:55  SCV, Marine  
  49  4:58  Starport Tech Lab  
  52  5:03  SCV  
  53  5:07  Supply Depot  
  53  5:09  Supply Depot  
  53  5:14  SCV  
  53  5:15  SCV  
  54  5:23  Supply Depot  
  54  5:26  Engineering Bay  
  54  5:28  SCV x2, Siege Tank, Raven  
  54  5:29  Marine  
  54  5:30  Marine x2  
  64  5:38  Barracks  
  64  5:40  SCV x2  
  66  5:47  Marine  
  66  5:48  Marine x2  
  68  5:54  Terran Infantry Weapons Level 1  
  68  5:57  Command Center  
  68  5:58  Supply Depot  
  68  6:00  Supply Depot  
  68  6:06  Siege Tank  
  61  6:11  Marine  
  61  6:12  Marauder, Marine  
  61  6:15  SCV  
  61  6:16  SCV  
  67  6:21  Starport Reactor  
  67  6:27  SCV  
  67  6:28  Combat Shield  
  68  6:33  Marine x2  
  68  6:34  Marauder  
  68  6:35  SCV  
  68  6:36  Refinery  
  68  6:39  Siege Tank  
  76  6:40  Concussive Shells  
  76  6:45  SCV  
  77  6:47  SCV  
  78  6:56  Marine x2  
  78  6:57  Marauder x2  
  78  6:59  Medivac x2  
  88  7:02  SCV x2  
  88  7:06  Supply Depot  
  88  7:08  Supply Depot  
  90  7:11  Siege Tank  
  91  7:15  Marine  
  91  7:17  SCV x2  
  91  7:19  Orbital Command  
  94  7:30  Marauder x2, Marine  
  94  7:32  Medivac  
  101  7:37  Medivac  
  101  7:40  Orbital Command  
  101  7:43  SCV  
  104  7:47  Marine  
  104  7:48  Marine  
  106  7:51  Marauder, Siege Tank  
  106  7:55  SCV x2  
  113  8:07  SCV, Barracks  
  113  8:08  Barracks  
  113  8:11  Marauder, Marine  
  115  8:15  SCV  
  115  8:17  Marauder, Marine  
  119  8:24  Siege Tank  
  122  8:29  SCV x2  
  122  8:33  SCV  
  122  8:36  Marine  
  122  8:37  Marauder  
  125  8:48  Marauder, SCV x2, Marine  
  120  8:54  Marine  
  121  8:57  Barracks Tech Lab  
  121  8:58  Marauder, Command Center  
  121  8:59  Barracks Reactor, Barracks  
  121  9:00  Barracks  
  123  9:06  Marine  
  124  9:12  Marine, Barracks  
  125  9:19  Supply Depot  
  125  9:20  Supply Depot, Terran Infantry Armor Level 1  
  125  9:21  Supply Depot  
  125  9:22  Marauder, Medivac x2, SCV x2  
  133  9:27  Refinery x2  
  133  9:40  Marauder, SCV, Marine x5  
  133  9:42  SCV  
  133  9:43  Marauder, Supply Depot  
  133  9:44  Supply Depot  
  144  9:46  Missile Turret  
  144  9:47  Barracks Tech Lab  
  144  9:48  Barracks Tech Lab  
  144  9:50  SCV  
  144  9:52  SCV  
  146  9:58  Marauder, Medivac x2, Sensor Tower  
  152  10:02  Marauder x2, Marine  
  152  10:05  Marine  
  158  10:08  Supply Depot  
  158  10:09  Supply Depot  
  158  10:11  Supply Depot  
  158  10:12  Armory  
  158  10:13  SCV  
  159  10:16  Engineering Bay  
  157  10:23  Marauder, Marine  
  157  10:24  Marine x2  
  157  10:26  Supply Depot  
  158  10:29  Supply Depot  
  158  10:32  Marine x2  
  158  10:33  Marauder  
  157  10:38  SCV  
  157  10:42  Marine  
  157  10:43  Marauder  
  155  10:55  Marauder, Marine x2  
  155  10:56  Marauder x2, Marine  
  155  10:57  Medivac x2, Marine x2  
  140  11:01  Marine  
  140  11:04  Marine  
  139  11:12  Marine  
  139  11:13  Marine  
  139  11:14  Marine  
  139  11:15  Marauder x2  
  139  11:17  Marauder, Marine x2  
  141  11:26  Marine  
  141  11:27  Marauder  
  141  11:30  Marine x2  
  141  11:32  Marine  
  143  11:36  Marine x2  

Tags
 
Add a new tag
Caveats
  • Supply blocks, unpowered buildings, or Contaminate may cause inaccurate times.
  • Supply counts are checked every 10 seconds.